 Dungeon Crawl Stone Soup version 0.29.1-15-g9cfb28693d (webtiles) character file.

Game seed: 1020971967465058176

566 hawla the Chiller (level 7, -11/51 HPs)
             Began as a Meteoran Ice Elementalist on Feb 27, 2023.
             Mangled by an ice beast (12 damage)
             ... on level 6 of the Dungeon.
             The game lasted 00:07:55 (1192 turns).

hawla the Chiller (Meteoran Ice Elementalist)       Turns: 1192, Time: 00:07:55

Health: -11/51     AC:  6    Str: 10    XL:     7   Next: 90%
Magic:  4/24       EV: 13    Int: 18    God:
Gold:   25         SH:  0    Dex: 15    Spells: 7/15 levels left

rFire   . . .      SeeInvis .   l - +0 long sword
rCold   . . .      Faith    .   (no shield)
rNeg    . . .      Spirit   .   a - +0 robe
rPois   .          Reflect  .   (no helmet)
rElec   .          Harm     .   (no cloak)
rCorr   .          Rampage  .   (no gloves)
Will    .....                   (no boots)
Stlth   +.........              (no amulet)
HPRegen 0.17/turn               f - +4 ring of protection
MPRegen 0.19/turn               q - ring of magical power

@: glowing
A: sense surroundings 1, otherworldly, glowing, explore regen
a: no special abilities


You were on level 6 of the Dungeon.
You visited 1 branch of the dungeon, and saw 6 of its levels.

You collected 186 gold pieces.
You spent 161 gold pieces at shops.

Inventory:

Hand Weapons
 l - a +0 long sword (weapon)
Armour
 a - a +0 robe (worn)
Jewellery
 f - a +4 ring of protection (left hand)
 p - a ring of protection from fire
 q - a ring of magical power (right hand)
Wands
 n - a wand of flame (21) (quivered)
Scrolls
 b - a scroll of summoning
 c - 2 scrolls of poison
 g - a scroll of magic mapping


   Skills:
 + Level 0.8 Fighting
 + Level 1.3 Long Blades
 + Level 2.7 Dodging
 - Level 1.4 Stealth
 + Level 4.6 Spellcasting
 + Level 5.3 Conjurations
 + Level 5.9 Ice Magic
 + Level 3.0 Evocations


You had 7 spell levels left.
You knew the following spells:

 Your Spells              Type           Power      Damage    Failure   Level
a - Freeze                Ice            100%       1d11      1%          1
b - Frozen Ramparts       Ice            50%        1d8       3%          3
c - Hailstorm             Conj/Ice       24%        3d7       13%         4

Your spell library contained the following spells:

 Spells                   Type           Power      Damage    Failure   Level
 Ozocubu's Armour         Ice            25%        N/A       3%          3
 Inner Flame              Hex/Fire       4%         N/A       38%         3
 Cause Fear               Hex            2%         N/A       80%         4
 Discord                  Hex            2%         N/A       100%        8


Dungeon Overview and Level Annotations

Branches:
Dungeon (6/15) Zot: 2405
 Temple: D:4-7

Altars:
Trog

Shops:
D:4 (*!?

Portals:
Sewer: D:3

Annotations:
D:1 2 transporters


Innate Abilities, Weirdness & Mutations

You passively map a small area around you.
You are easily found by Zot.
You glow in the dark.
You regain HP and MP as you explore.


Message History

The wight resists.
The wall freezes the wight.
The ice beast completely resists.
The wall freezes the ice beast but does no damage.
The ice beast hits you but does no damage.
The wight completely resists.
The wall freezes the wight but does no damage.
It was a potion of curing.
You feel better.
The frozen ramparts melt away.
The ice beast hits you. The ice beast freezes you. You resist.
* * * LOW HITPOINT WARNING * * *
It was a potion of cancellation.
Your magical effects are unravelling.
You feel magically purged.
You float gracefully downwards.
Your resistance to elements expires.
The ice beast hits you but does no damage.
You barely miss the ice beast.
The ice beast is lightly wounded.
The ice beast barely misses you.
The ice beast hits you but does no damage.
You hit the ice beast.
The ice beast is moderately wounded.
The ice beast hits you but does no damage.
You hit the ice beast.
The ice beast is heavily wounded.
The ice beast misses you. The ice beast barely misses you.
You hit the ice beast.
The ice beast is severely wounded.
The ice beast barely misses you.
You slash the ice beast!
The ice beast is almost dead.
The ice beast hits you but does no damage.
You hit the ice beast.
The ice beast is almost dead.
The ice beast hits you.
* * * LOW HITPOINT WARNING * * *
The ice beast freezes you!
* * * LOW HITPOINT WARNING * * *
The ice beast hits you.
* * * LOW HITPOINT WARNING * * *
The ice beast freezes you!
You die...

* ,, * #..# ......., ##.##
....... , #..# * ....... *
##..## ....... * ###....##
......z * ##.......##
.....zz ##.........†## *,
....zzY#..........#..# *
###@.......#####.###
####.......... #.<..
###........##..# ###..##
###........####### ##...##
####........### ##..###
####.........### ##..##
#..........######## ##..##
.........#####....#####..##
........## #...........##


You could see an ice beast and 5 wights.

Vanquished Creatures
  2 black bears (D:6)
  An ogre (D:6)
  2 scorpions
  2 jellies (D:6)
  A hound (D:4)
  An iguana (D:4)
  An adder (D:2)
  A worm (D:3)
  A dart slug (D:4)
  6 orcs (D:4)
  5 ball pythons
  3 bats (D:1)
  5 endoplasms
  2 giant cockroaches
  6 goblins
  4 hobgoblins
  A quokka (D:4)
  A frilled lizard (D:1)
  7 kobolds
  5 rats
57 creatures vanquished.

Notes
Turn   | Place    | Note
-------+----------+-------------------------------------------
     0 | D:1      | hawla the Meteoran Ice Elementalist began the quest for the
                  | Orb.
     0 | D:1      | Reached XP level 1. HP: 14/14 MP: 5/5
    88 | D:1      | Reached XP level 2. HP: 19/20 MP: 3/6
   205 | D:1      | Reached XP level 3. HP: 25/26 MP: 5/8
   211 | D:1      | Reached skill level 5 in Ice Magic
   442 | D:3      | Found a glowing drain.
   450 | D:3      | Learned a level 3 spell: Frozen Ramparts
   477 | D:3      | Reached XP level 4. HP: 13/33 MP: 8/10
   485 | D:3      | Learned a level 4 spell: Hailstorm
   569 | D:4      | Reached XP level 5. HP: 30/38 MP: 7/11
   615 | D:4      | Found Seodus's Antique Weapon Shop.
   667 | D:4      | Found a bloodstained altar of Trog.
   732 | D:4      | Found Buops's Magic Scroll Shop.
   752 | D:4      | Reached XP level 6. HP: 18/45 MP: 5/12
   756 | D:4      | Bought a scroll of summoning for 104 gold pieces
   756 | D:4      | Bought a scroll of poison for 44 gold pieces
   785 | D:4      | Found Ixuhu's Distillery.
   796 | D:4      | Bought a potion of degeneration for 13 gold pieces
   999 | D:4      | Found Onwiskacw's General Store.
  1022 | D:5      | Entered Level 5 of the Dungeon
  1083 | D:6      | Noticed an ogre
  1094 | D:6      | Killed an ogre
  1095 | D:6      | Reached skill level 5 in Conjurations
  1118 | D:6      | Noticed a black bear
  1122 | D:6      | Killed a black bear
  1123 | D:6      | Reached XP level 7. HP: 41/50 MP: 13/13
  1181 | D:6      | Reached skill level 1 in Long Blades
  1192 | D:6      | HP: 1/51 [ice beast (2)]
  1192 | D:6      | Mangled by an ice beast

Illustrated notes

Levels and vault maps discovered:
D:1:      spicycebolla_arrival_transporter_tutorial, layout_rooms
D:2:      layout_loops_ring
D:3:      minmay_goblin_kobold_castle, layout_loops_cross,
          nicolae_dithmenos_through_a_glass_darkly, old_standard_altar,
          hellmonk_ghost_happy_afterlife, basic_ecumenical_altar,
          cheibrodos_sewer_entry_drain, kennysheep_generic_room_16
D:4:      layout_cave_pools, mainiacjoe_overflow_alcove_2, serial_shops,
          kennysheep_mini_moat, shop, nicolae_diamond_shop, nicolae_diamond_shop
D:5:      corexii_shantytown, layout_loops_ring,
          grunt_temple_overflow_growth_and_decay, sigmund_edmund_badplayer,
          uniq_edmund
D:6:      layout_cave_pods, mainiacjoe_overflow_big_doors,
          minmay_temple_entry_enclosed_plants, serial_shops,
          nicolae_shop_window_shopping, minmay_misc_feat_plants

Skill      XL: |  1  2  3  4  5  6  7 |
---------------+----------------------+-----
Spellcasting   | 3 4 |  4.6
Ice Magic      | 5 |  5.9
Conjurations   | 3 4 5 |  5.3
Evocations     | 2 3 |  3.0
Long Blades    | 1 |  1.3
Fighting       | |  0.8
Dodging        | |  2.7
Stealth        | |  1.4

Action                   |  1- 3 |  4- 6 |  7- 9 || total
-------------------------+-------+-------+-------++-------
Melee: Unarmed           |     5 |       |       ||     5
       Long sword        |       |    35 |     7 ||    42
       Punch             |       |     1 |       ||     1
 Cast: Freeze            |    31 |    19 |     2 ||    52
       Frozen Ramparts   |     2 |     7 |     1 ||    10
       Hailstorm         |       |     3 |     4 ||     7
  Use: Potion            |       |     2 |     4 ||     6
       Scroll            |       |     4 |       ||     4
Armor: Robe              |     5 |    20 |     7 ||    32
Dodge: Dodged            |    26 |    33 |     6 ||    65
